 Dungeon Crawl Stone Soup version 0.25.1-2-g60ff931df9 (webtiles) character file.

Game seed: 9898025180799820791

1038 H0rd4k the Thaumaturge (level 8, -1/41 HPs)
             Began as a Deep Elf Wizard on Nov 17, 2020.
             Slain by a sky beast (6 damage)
             ... on level 7 of the Dungeon.
             The game lasted 00:09:20 (6249 turns).

H0rd4k the Thaumaturge (Deep Elf Wizard)            Turns: 6249, Time: 00:09:21

Health: -1/41      AC:  3    Str:  4    XL:     8   Next: 4%
Magic:  32/32      EV: 17    Int: 26    God:
Gold:   226        SH:  0    Dex: 13    Spells: 16/25 levels left

rFire    . . .     SeeInvis .   y - staff of poison
rCold    . . .     Gourm    .   (no shield)
rNeg     . . .     Faith    .   a - +0 robe
rPois    +         Spirit   .   b - +0 hat
rElec    .         Reflect  .   (no cloak)
rCorr    .         Harm     .   (no gloves)
MR       .....                  c - +0 pair of boots (curse)
Stlth    ++........             (no amulet)
HPRegen  0.13/turn              k - +4 ring of evasion
MPRegen  0.23/turn              w - ring of magical power

@: hasted, very quick
A: no striking features
a: no special abilities


You were on level 7 of the Dungeon.
You were not hungry.

You visited 1 branch of the dungeon, and saw 7 of its levels.

You collected 226 gold pieces.

Inventory:

Hand Weapons
 l - a +0 dagger of venom
Armour
 a - a +0 robe (worn)
 b - a +0 hat (worn)
 c - a cursed +0 pair of boots (worn)
Magical Staves
 y - an uncursed staff of poison (weapon)
Jewellery
 k - a +4 ring of evasion (left hand)
 w - a ring of magical power (right hand)
Wands
 s - a wand of random effects (13)
Scrolls
 e - a scroll of magic mapping
 f - 4 scrolls of teleportation {unknown}
 g - 2 scrolls of identify
 o - a scroll of remove curse {unknown}
 t - a scroll of fog {unknown}
 x - a scroll of enchant weapon {unknown}
 A - 2 scrolls of enchant armour {unknown}
Potions
 h - 2 potions of flight
 i - a potion of stabbing {unknown}
 j - a potion of haste
 m - a potion of resistance {unknown}
 n - 3 potions of ambrosia {unknown}
 p - 2 potions of might {unknown}
 q - 2 potions of curing {unknown}
 r - a potion of heal wounds {unknown}
 u - a potion of berserk rage {unknown}
 v - 2 potions of mutation {unknown}
 B - a potion of degeneration {unknown}
Comestibles
 d - 12 rations
 z - 4 chunks of flesh


   Skills:
 + Level 3.0 Dodging
 + Level 3.7 Stealth
 + Level 9.4 Spellcasting
 + Level 5.6 Conjurations
   Level 1.1 Summonings
 + Level 1.1 Translocations
 + Level 2.1 Fire Magic
 + Level 2.0 Air Magic
 + Level 1.2 Poison Magic


You had 16 spell levels left.
You knew the following spells:

 Your Spells              Type           Power        Failure   Level  Hunger
a - Magic Dart            Conj           ####         1%          1    None
b - Blink                 Tloc           N/A          4%          2    None
c - Conjure Flame         Conj/Fire      ####....     3%          3    None
d - Mephitic Cloud        Conj/Pois/Air  #####...     4%          3    None

Your spell library contained the following spells:

 Spells                   Type           Power        Failure   Level  Hunger
 Call Imp                 Summ           ###.....     4%          2    None
 Slow                     Hex            ##......     8%          2    None


Dungeon Overview and Level Annotations

Branches:
Dungeon (6/15)
 Temple: D:4-7

Altars:
Ashenzari
Uskayaw
Vehumet
Wu Jian

Shops:
D:4 *

Annotations:
D:2 exclusion: downstairs
D:3 exclusion: upstairs
D:6 exclusion: centaur


Message History

Deactivating autopickup; reactivate with Ctrl-A.
Found a brown potion.
You see here a ration.
Found a smoky orange potion.
Something hits you but does no damage.
You barely miss something. Something hits you. Something shocks you.
Something hits you. Something shocks you.
Unknown command.
As you read the scroll labeled OHOKUR JITZUKK, it crumbles to dust.
You feel aware of your surroundings.
You sensed 2 altars.
It was a scroll of magic mapping.
Something hits you. Something shocks you.
As you read the scroll labeled JIATACZIRY, it crumbles to dust.
It is a scroll of identify.
h - 2 potions of flight Something hits you.
Something shocks you.
* * * LOW HITPOINT WARNING * * *
It was a potion of haste.
You feel yourself speed up. Something hits you.
* * * LOW HITPOINT WARNING * * *
Something shocks you.
You die...

######...##.#####*!#
##.#.......##.#
#....###.....#
#.8..._...8..#
#.(..%)!.....#
#.8......[8..#
#............#
#.8......{8..#
#..$.....@..!#
*******#.#######....#
*,,,,,...* ######
*,****###* *,* *,*
,,* ***


There were no monsters in sight!

Vanquished Creatures
  Sigmund (D:2)
  An ice beast (D:7)
  An orc warrior (D:3)
  An ogre (D:3)
  A scorpion (D:4)
  A howler monkey (D:5)
  A jelly (D:6)
  3 orc wizards (D:3)
  An orc priest (D:2)
  A bullfrog skeleton (D:6)
  Ijyb (D:3)
  4 worker ants
  An iguana (D:6)
  7 adders
  2 oozes
  An adder skeleton (D:4)
  3 worms
  4 dart slugs
  6 leopard geckos
  7 orcs
  4 giant cockroaches
  15 goblins
  4 hobgoblins
  21 jackals
  3 kobolds
  2 ball pythons
  10 bats
  8 frilled lizards
  7 rats
122 creatures vanquished.

Notes
Turn   | Place    | Note
-------+----------+-------------------------------------------
     0 | D:1      | H0rd4k the Deep Elf Wizard began the quest for the Orb.
     0 | D:1      | Reached XP level 1. HP: 10/10 MP: 7/7
   159 | D:1      | Reached skill level 5 in Spellcasting
   159 | D:1      | Reached XP level 2. HP: 15/15 MP: 1/10
  1098 | D:2      | Reached XP level 3. HP: 19/19 MP: 9/12
  1247 | D:2      | Learned a level 2 spell: Blink
  1251 | D:2      | Learned a level 3 spell: Conjure Flame
  1255 | D:2      | Learned a level 3 spell: Mephitic Cloud
  1518 | D:2      | Reached skill level 6 in Spellcasting
  1649 | D:2      | Noticed Sigmund
  1923 | D:3      | Reached XP level 4. HP: 12/24 MP: 5/14
  2096 | D:3      | Reached skill level 1 in Poison Magic
  2461 | D:2      | Reached skill level 1 in Air Magic
  2635 | D:2      | Reached skill level 1 in Fire Magic
  2725 | D:2      | Reached XP level 5. HP: 21/28 MP: 7/15
  3205 | D:2      | Killed Sigmund
  3205 | D:2      | Reached XP level 6. HP: 32/32 MP: 7/17
  3879 | D:3      | Reached skill level 7 in Spellcasting
  4254 | D:3      | Noticed Ijyb
  4273 | D:3      | Killed Ijyb
  4442 | D:3      | Noticed an orc warrior
  4462 | D:3      | Killed an orc warrior
  4462 | D:3      | Reached skill level 8 in Spellcasting
  4462 | D:3      | Reached XP level 7. HP: 12/36 MP: 1/20
  4744 | D:3      | Found a radiant altar of Vehumet.
  4744 | D:3      | Found an ornate altar of the Wu Jian Council.
  4908 | D:4      | Found Ebbaclagg's Assorted Antiques.
  5551 | D:4      | Found a shattered altar of Ashenzari.
  5774 | D:5      | Entered Level 5 of the Dungeon
  5837 | D:5      | Reached skill level 5 in Conjurations
  5955 | D:5      | You fall into a shaft and drop 1 floor!
  6029 | D:6      | You fall into a shaft and drop 1 floor!
  6042 | D:7      | Reached skill level 9 in Spellcasting
  6154 | D:7      | Reached XP level 8. HP: 41/41 MP: 16/23
  6237 | D:7      | Found a hide-covered altar of Uskayaw.
  6249 | D:7      | Slain by a sky beast

Illustrated notes

Levels and vault maps discovered:
D:1:      eino_arrival_cavern_b, layout_loops_cross
D:2:      minmay_general_purpose_star, layout_loops_ring, first_ration,
          minmay_lizard_king, uniq_sigmund
D:3:      layout_rooms, gammafunk_temple_overflow_elements,
          minmay_ogre_servants, uniq_ijyb
D:4:      layout_loops_ring, serial_shops, shop, fountainhead,
          evilmike_ruin_ashenzari
D:5:      layout_loops_cross, minmay_temple_entry_statues_fountains
D:6:      layout_basic, nemelex_lonely_heart_becter
D:7:      layout_loops_ring, regret_index_temple_of_mockery,
          eat_drink_and_be_merry_uskayaw

Skill      XL: |  1  2  3  4  5  6  7 |
---------------+----------------------+-----
Spellcasting   | 5 6 8 9 |  9.4
Poison Magic   | 1 |  1.2
Conjurations   | 2 3 4 5 |  5.6
Air Magic      | 1 2 |  2.0
Fire Magic     | 1 2 |  2.1
Stealth        | 3 |  3.7
Dodging        | 3 |  3.0
Summonings     | |  1.1
Translocations | |  1.1

Action                   |  1- 3 |  4- 6 |  7- 9 || total
-------------------------+-------+-------+-------++-------
Melee: Dagger            |    11 |     6 |       ||    17
       Staff             |       |       |     1 ||     1
 Cast: Magic Dart        |   115 |   169 |    86 ||   370
       Mephitic Cloud    |     2 |     3 |     3 ||     8
       Conjure Flame     |     1 |     4 |     6 ||    11
       Blink             |       |     1 |       ||     1
  Use: Scroll            |       |       |     2 ||     2
       Potion            |       |       |     1 ||     1
  Eat: Chunk             |     3 |     8 |     5 ||    16
Armor: Robe              |     4 |     3 |     1 ||     8
Dodge: Dodged            |    26 |    15 |    13 ||    54
